 Dungeon Crawl Stone Soup version 0.24.0-123-gd5b16e6ec5 (webtiles) character file.

Game seed: 13302590298118576742, levelgen mode: deterministic

410 Descartes the Magician (level 6, -4/28 HPs)
             Began as a Spriggan Wizard on Jan 31, 2020.
             Killed by nerve-wracking pain
             ... invoked by an orc priest
              (12 damage)
             ... on level 4 of the Dungeon.
             The game lasted 00:14:25 (7925 turns).

Descartes the Magician (Spriggan Wizard)            Turns: 7925, Time: 00:14:26

Health: -4/28      AC:  4    Str:  3    XL:     6   Next: 58%
Magic:  9/16       EV: 19    Int: 22    God:
Gold:   200        SH:  0    Dex: 14    Spells: 16/17 levels left

rFire    . . .     SeeInvis +   t - +2 dagger (venom)
rCold    . . .     Gourm    .   (shield restricted)
rNeg     . . .     Faith    .   a - +0 robe
rPois    .         Spirit   .   b - +0 hat
rElec    .         Reflect  .   (no cloak)
rCorr    .         Harm     .   (gloves unavailable)
MR       +....                  (boots unavailable)
Stlth    ++++......             (no amulet)
HPRegen  0.09/turn              g - +2 ring of protection
MPRegen  0.15/turn              u - ring of stealth

@: drained, very quick
A: very small, unfitting armour, see invisible, herbivore, speed 3, slow
metabolism 2
a: no special abilities


You were on level 4 of the Dungeon.
You were not hungry.

You visited 1 branch of the dungeon, and saw 4 of its levels.

You collected 200 gold pieces.

Inventory:

Hand Weapons
 l - a +0 hunting sling
 t - a +2 dagger of venom (weapon)
Missiles
 c - 161 stones
 o - 8 boomerangs (quivered)
 r - 16 arrows
 s - 12 sling bullets
Armour
 a - a +0 robe (worn)
 b - a +0 hat (worn)
Jewellery
 g - a +2 ring of protection (left hand)
 u - a ring of stealth (right hand)
Scrolls
 h - a scroll of remove curse {unknown}
 i - 2 scrolls of enchant weapon {unknown}
 j - 7 scrolls of identify {unknown}
 k - 2 scrolls of teleportation {unknown}
 m - 3 scrolls of blinking {unknown}
 n - a scroll of fog {unknown}
Potions
 e - a potion of haste
 f - 2 potions of lignification {unknown}
 p - a potion of curing {unknown}
Comestibles
 d - a ration


   Skills:
 + Level 4.8(3.9) Dodging
 + Level 5.1(4.2) Stealth
 * Level 6.3(5.3) Spellcasting
 * Level 2.9(2.0) Conjurations
   Level 0.7(0.0) Summonings
   Level 1.5(0.6) Translocations


You had 16 spell levels left.
You knew the following spells:

 Your Spells              Type           Power        Failure   Level  Hunger
a - Magic Dart            Conj           ##..         4%          1    None

Your spell library contained the following spells:

 Spells                   Type           Power        Failure   Level  Hunger
 Blink                    Tloc           N/A          11%         2    None
 Call Imp                 Summ           #.......     14%         2    None
 Slow                     Hex            #.......     14%         2    None
 Conjure Flame            Conj/Fire      ##......     19%         3    ##.....
 Mephitic Cloud           Conj/Pois/Air  #.......     22%         3    ##.....


Dungeon Overview and Level Annotations

Branches:
Dungeon (4/15)
 Temple: D:4-7

Altars:
Fedhas
Gozag

Annotations:
D:3 Amplified's ghost, weakling DENe


Innate Abilities, Weirdness & Mutations

You are very small and have problems with some larger weapons.
You are too small for most types of armour.
You have supernaturally acute eyesight. (SInv)
You are a herbivore.
You cover ground extremely quickly.
You need to consume almost no food.


Message History

The orc priest misses you.
You hit the orc priest but do no damage.
The orc priest looks as sick as possible!
The orc priest is severely wounded.
The orc priest misses you.
You hit the orc priest but do no damage.
The orc priest looks as sick as possible!
The orc priest is severely wounded.
The orc priest calls down the wrath of Beogh upon you.
Beogh smites you!
* * * LOW HITPOINT WARNING * * *
You hit the orc priest but do no damage.
The orc priest is almost dead.
The orc priest closely misses you.
You hit the orc priest but do no damage.
The orc priest looks as sick as possible!
The orc priest is almost dead.
The orc priest calls down the wrath of Beogh upon you.
Pain shoots through your body!
You die...

+###..###...h.##
..##..###...o.######
..#.....'..........#
..o.....#..........#
..#.....#..........#
..##############'####
†......o............#
'#..)..........)....#
.#.............o@...#
.#..................#
##..................#
..###################
..# ..# ..# ..# ..#


You could see an orc priest.

Vanquished Creatures
  A howler monkey (D:3)
  A hound (D:3)
  2 orc priests (D:3)
  A centaur skeleton (D:4)
  2 orc wizards (D:3)
  3 worker ants
  A gnoll (D:3)
  An adder (D:2)
  3 worms (D:2)
  3 dart slugs
  3 leopard geckos
  16 orcs
  4 giant cockroaches
  7 hobgoblins
  12 kobolds
  A ball python (D:4)
  3 bats
  3 frilled lizards
  8 goblins
  10 rats
85 creatures vanquished.

Vanquished Creatures (others)
  6 plants (D:3)
6 creatures vanquished.

Grand Total: 91 creatures vanquished

Notes
Turn   | Place    | Note
-------+----------+-------------------------------------------
     0 | D:1      | Descartes the Spriggan Wizard began the quest for the Orb.
     0 | D:1      | Reached XP level 1. HP: 9/9 MP: 6/6
   342 | D:1      | Reached skill level 1 in Conjurations
   397 | D:1      | Reached XP level 2. HP: 13/13 MP: 5/8
   618 | D:1      | You fall into a shaft and drop 1 floor!
  1128 | D:2      | Reached XP level 3. HP: 16/16 MP: 5/10
  2430 | D:2      | Found an opulent altar of Gozag.
  2766 | D:2      | Reached XP level 4. HP: 15/21 MP: 5/11
  3039 | D:3      | Reached skill level 5 in Spellcasting
  3200 | D:3      | Identified the +8 spear of the Orb {venom, Int+2}
  3237 | D:3      | HP: 1/21 [orc wizard/magic dart (6)]
  3258 | D:3      | Noticed Amplified's ghost (weakling DENe)
  3287 | D:3      | Found a transporter.
  3557 | D:3      | Found a transporter.
  4195 | D:3      | Found a blossoming altar of Fedhas.
  4540 | D:3      | Reached XP level 5. HP: 17/24 MP: 4/13
  5795 | D:3      | Reached XP level 6. HP: 28/28 MP: 3/15
  6250 | D:3      | Reached skill level 6 in Spellcasting
  6976 | D:3      | Reached skill level 5 in Stealth
  7607 | D:4      | HP: 1/28 [orc priest/+2 falchion of slicing (1)]
  7925 | D:4      | Killed from afar by an orc priest

Levels and vault maps discovered:
D:1:      giann_bridges, layout_basic, nrook_mini_vaults
D:2:      layout_rooms, nicolae_gozag_seed_capital, minmay_stone_trees_medium,
          serial_park_tiny_2
D:3:      layout_loops_ring, nicolae_overflow_hidden_temple,
          gammafunk_ghost_gnarly_gnolls, wad_orctagon
D:4:      layout_gridville, first_ration

Skill      XL: |  1  2  3  4  5  6 |
---------------+-------------------+-----
Conjurations   | 1 2 |  2.9
Spellcasting   | 5 6 |  6.3
Stealth        | 4 5 |  5.1
Dodging        | 4 |  4.8
Summonings     | |  0.7
Translocations | |  1.5

Action                   |  1- 3 |  4- 6 || total
-------------------------+-------+-------++-------
Melee: Dagger            |     5 |    49 ||    54
 Cast: Magic Dart        |   160 |   252 ||   412
  Eat: Ration            |       |     2 ||     2
Armor: Robe              |     3 |    15 ||    18
Dodge: Dodged            |    23 |   126 ||   149
